 Dungeon Crawl Stone Soup version 0.23.0 (webtiles) character file.

Game seed: 11009423165871587119

2198 Enish the Cleaver (level 9, -2/81 HPs)
             Began as a Minotaur Berserker on Feb 15, 2019.
             Was a High Priest of Trog.
             Killed from afar by an electric eel (7 damage)
             ... with a bolt of electricity
             ... on level 6 of the Dungeon.
             The game lasted 00:04:48 (5102 turns).

Enish the Cleaver (Minotaur Berserker)              Turns: 5102, Time: 00:04:48

Health: -2/81      AC: 13    Str: 26 (27) XL:     9   Next: 12%
Magic:  8/8        EV: 11    Int:  1 (4)  God:    Trog [*****.]
Gold:   275        SH:  0    Dex:  9 (10) Spells: 8/8 levels left

rFire    . . .     SeeInvis .   d - +2 hand axe (elec)
rCold    . . .     Gourm    .   (no shield)
rNeg     . . .     Faith    .   l - +0 chain mail
rPois    .         Spirit   .   (helmet restricted)
rElec    .         Reflect  .   (no cloak)
rCorr    .         Harm     .   m - +1 pair of gloves
MR       .....                  (no boots)
Stlth    ..........             n - amulet of regeneration
HPRegen  0.63/turn              C - +2 ring of strength
MPRegen  0.11/turn              (no ring)

@: about to teleport
A: retaliatory headbutt, horns 2
a: Berserk, Trog's Hand, Brothers in Arms, Renounce Religion


You were on level 6 of the Dungeon.
You worshipped Trog.
Trog was extremely pleased with you.
You were not hungry.

You visited 1 branch of the dungeon, and saw 6 of its levels.
You also visited: Sewer and Ossuary.

You collected 275 gold pieces.

Inventory:

Hand Weapons
 a - a +0 hand axe
 d - a +2 hand axe of electrocution (weapon)
   (You found it on level 3 of the Dungeon)
Armour
 b - a +0 animal skin
 l - a +0 chain mail (worn)
   (You found it on level 2 of the Dungeon)
 m - a +1 pair of gloves (worn)
   (You found it on level 1 of the Dungeon)
Jewellery
 n - an amulet of regeneration (around neck)
   (You found it on level 1 of the Dungeon)
 C - a +2 ring of strength (left hand)
   (You found it on level 6 of the Dungeon)
Wands
 v - a wand of iceblast (12)
   (You found it on level 4 of the Dungeon)
 y - a wand of paralysis (9)
   (You found it on level 5 of the Dungeon)
Scrolls
 g - 2 scrolls of enchant weapon
 p - 3 scrolls of remove curse
 r - 5 scrolls of identify
 s - a scroll of enchant armour
 t - 5 scrolls of teleportation
 x - 2 scrolls of noise
Potions
 k - 5 potions of flight
 q - 4 potions of curing
 w - 5 potions of heal wounds
Comestibles
 e - 9 rations


   Skills:
 + Level 8.1 Fighting
 + Level 8.1 Axes
 + Level 7.6 Armour
 + Level 6.9 Dodging


You had 8 spell levels left.
You didn't know any spells.
Your spell library was empty.

Dungeon Overview and Level Annotations

Branches:
Dungeon (6/15)             Temple (0/1) D:6

Altars:
Cheibriados
Dithmenos
Okawaru
Vehumet

Shops:
D:4 (


Innate Abilities, Weirdness & Mutations

You reflexively headbutt those who attack you in melee.
You have a pair of horns on your head.


Message History

The bolt of electricity hits you!
* * * LOW HITPOINT WARNING * * *
The electric eel shoots out a bolt of lightning at you!
The bolt of electricity hits the plant!
The bolt of electricity hits you.
* * * LOW HITPOINT WARNING * * *
There are monsters nearby!
You are too injured to fight recklessly!
There are monsters nearby!
You are too injured to fight recklessly!
You are too injured to fight recklessly!
There are monsters nearby!
You are too injured to fight recklessly!
As you read the scroll of teleportation, it crumbles to dust.
You feel strangely unstable.
The electric eel shoots out a bolt of lightning at you!
The bolt of electricity hits the plant!
The bolt of electricity hits you!
* * * LOW HITPOINT WARNING * * *
The electric eel shoots out a bolt of lightning at you!
The bolt of electricity hits the plant!
The bolt of electricity hits you!
You die...

..........# #######......#
....................##.##########
.........#############...........
..######## ### ##.#########
..#### ##.########...# .....#
#..#..P≈?≈##'######### .....#
#.#'..PP.≈≈#.# #...... .....#
#≈#....P.:≈#.# #...... .....#
##≈#..@P.);≈#≈# #...>.. .....#
#≈≈##..P(;;##≈# #...... ##...#
##≈##########≈## #...b.. ##...##
#..# ...(≈##≈## #...... ......#
#.#+ ..≈.≈;#≈# #...... ##....#
#≈# ...%.;#.# #...... #(...# #≈#
.≈P(≈≈#.# ####### #....# #≈##
.≈≈≈≈##.# # #....# ##.########.##
#


You could see 3 electric eels.

Vanquished Creatures
  Grinder (Sewer)
  Sigmund (D:3)
  A phantom (D:4)
  An ogre (D:5)
  3 centaurs
  2 big kobolds (Sewer)
  An elf zombie (Ossuary)
  Blork the orc (D:5)
  A gnoll sergeant (D:5)
  A quasit (Sewer)
  A bullfrog skeleton (D:4)
  An orc wizard (D:5)
  4 centaur zombies (Ossuary)
  3 hounds
  4 orc priests
  Natasha (twice) (D:3)
  3 worker ants
  4 big kobold zombies
  4 hound zombies (Ossuary)
  4 mummies
  6 gnolls
  6 adders
  4 shadow imps
  An ooze (Sewer)
  2 ufetubi (Sewer)
  4 adder zombies (Ossuary)
  An adder skeleton (D:5)
  6 worms
  7 dart slugs
  2 leopard geckos
  17 orcs
  2 ball pythons
  10 bats
  7 giant cockroaches
  A gnoll zombie (Ossuary)
  6 goblins
  9 hobgoblins
  11 jackals
  3 quokkas
  3 frilled lizards
  3 goblin zombies (Ossuary)
  9 hobgoblin zombies (Ossuary)
  24 kobolds
  4 kobold zombies
  A leopard gecko skeleton (D:4)
  An orc zombie (Ossuary)
  A quokka skeleton (D:5)
  4 quokka zombies (Ossuary)
  4 rats
  A rat zombie (Ossuary)
  A butterfly (D:6)
204 creatures vanquished.

Vanquished Creatures (others)
  An ooze (Sewer)
1 creature vanquished.

Grand Total: 205 creatures vanquished

Notes
Turn   | Place    | Note
-------+----------+-------------------------------------------
     0 | D:1      | Enish the Minotaur Berserker began the quest for the Orb.
     0 | D:1      | Reached XP level 1. HP: 19/19 MP: 0/0
   239 | D:1      | Reached XP level 2. HP: 20/27 MP: 1/1
   519 | D:1      | You fall through a shaft!
   555 | D:2      | Reached XP level 3. HP: 25/33 MP: 2/2
   656 | D:2      | Reached ** piety under Trog
  1735 | D:3      | Reached XP level 4. HP: 40/40 MP: 3/3
  1757 | D:3      | Noticed Sigmund
  1775 | D:3      | Killed Sigmund
  1775 | D:3      | Reached skill level 5 in Fighting
  1775 | D:3      | Reached skill level 5 in Axes
  1775 | D:3      | Reached XP level 5. HP: 46/48 MP: 4/4
  1825 | D:3      | Found a shadowy altar of Dithmenos.
  1910 | D:3      | Found a snail-covered altar of Cheibriados.
  1955 | D:3      | Noticed Natasha
  1957 | D:3      | Reached XP level 6. HP: 56/56 MP: 5/5
  1967 | D:3      | Killed Natasha
  2046 | D:3      | Reached *** piety under Trog
  2159 | D:3      | Noticed Natasha
  2165 | D:3      | Killed Natasha
  2482 | D:4      | Found Ycruasathri's Antique Weapon Shop.
  2525 | D:4      | Found an iron altar of Okawaru.
  2535 | D:4      | Reached skill level 5 in Armour
  2539 | D:4      | Reached XP level 7. HP: 52/62 MP: 6/6
  2667 | D:4      | Found a sand-covered staircase.
  2677 | Ossuary  | Entered an ossuary
  2777 | Ossuary  | Reached skill level 5 in Dodging
  2819 | Ossuary  | Reached **** piety under Trog
  3298 | D:5      | Entered Level 5 of the Dungeon
  3421 | D:5      | Noticed Blork the orc
  3428 | D:5      | Killed Blork the orc
  3428 | D:5      | Reached XP level 8. HP: 70/71 MP: 7/7
  3480 | D:5      | Found a radiant altar of Vehumet.
  3733 | D:5      | Reached ***** piety under Trog
  4096 | D:6      | Found a glowing drain.
  4120 | Sewer    | Entered a sewer
  4224 | Sewer    | Found a burning altar of Makhleb.
  4275 | Sewer    | Noticed Grinder
  4280 | Sewer    | Paralysed by Grinder for 4 turns
  4289 | Sewer    | Killed Grinder
  4334 | Sewer    | Reached XP level 9. HP: 71/81 MP: 8/8
  5007 | D:6      | Found a staircase to the Ecumenical Temple.
  5102 | D:6      | Killed from afar by an electric eel

Skill      XL: |  1  2  3  4  5  6  7  8  9 |
---------------+----------------------------+-----
Fighting       | 4 5 6 7 8 |  8.1
Axes           | 4 5 6 7 8 |  8.1
Armour         | 3 4 5 6 7 |  7.6
Dodging        | 3 4 5 6 |  6.9

Action                   |  1- 3 |  4- 6 |  7- 9 || total
-------------------------+-------+-------+-------++-------
Melee: Hand axe          |    69 |   107 |   234 ||   410
       Headbutt          |    14 |    20 |    35 ||    69
Invok: Berserk           |     2 |     1 |     2 ||     5
       Trog's Hand       |       |     1 |       ||     1
  Use: Scroll            |       |       |    11 ||    11
       Potion            |       |       |    10 ||    10
  Eat: Chunk             |     3 |     1 |     9 ||    13
       Ration            |     1 |       |     1 ||     2
Armor: Animal skin       |    13 |       |       ||    13
       Chain mail        |     8 |    55 |   110 ||   173
Dodge: Dodged            |    46 |    48 |   135 ||   229
